 Dungeon Crawl Stone Soup version 0.28.0-45-g0d030f2227 (webtiles) character file.

Game seed: 1275516890996204043

30 MisterFreud the Covert (level 3, -2/35 HPs)
             Began as a Gnoll Delver on May 30, 2022.
             Slain by a gnoll
             ... wielding a +0 whip
              (10 damage)
             ... on level 5 of the Dungeon.
             The game lasted 00:00:29 (313 turns).

MisterFreud the Covert (Gnoll Delver)                Turns: 313, Time: 00:00:29

Health: -2/35      AC:  3    Str: 11    XL:     3   Next: 20%
Magic:  3/3        EV: 13    Int: 11    God:
Gold:   0          SH:  0    Dex: 13    Spells: 3/3 levels left

rFire   . . .      SeeInvis .   a - +0 short sword
rCold   . . .      Faith    .   (no shield)
rNeg    . . .      Spirit   .   b - +0 leather armour
rPois   .          Reflect  .   (no helmet)
rElec   .          Harm     .   (no cloak)
rCorr   .          Rampage  .   (no gloves)
Will    .....                   (no boots)
Stlth   ++++......              (no amulet)
HPRegen 0.11/turn               (no ring)
MPRegen 0.08/turn               (no ring)

@: no status effects
A: fangs 1, strong nose, distributed training
a: no special abilities


You were on level 5 of the Dungeon.
You visited 1 branch of the dungeon, and saw 2 of its levels.

Inventory:

Hand Weapons
 a - a +0 short sword (weapon)
Armour
 b - a +0 leather armour (worn)
Wands
 g - a wand of digging (3)
Scrolls
 c - a scroll of fog
 d - a scroll of magic mapping
 e - a scroll of fear
Potions
 f - a potion of haste


   Skills:
 + Level 6.5 Fighting
 + Level 4.5 Short Blades
 + Level 0.6 Long Blades
 + Level 0.6 Axes
 + Level 0.6 Maces & Flails
 + Level 0.6 Polearms
 + Level 0.6 Staves
 + Level 0.6 Slings
 + Level 0.6 Bows
 + Level 0.6 Crossbows
 + Level 0.6 Throwing
 + Level 0.6 Armour
 + Level 4.5 Dodging
 + Level 9.5 Stealth
 + Level 0.6 Shields
 + Level 0.6 Unarmed Combat
 + Level 0.6 Spellcasting
 + Level 0.4 Conjurations
 + Level 0.4 Hexes
 + Level 0.4 Summonings
 + Level 0.4 Necromancy
 + Level 0.4 Translocations
 + Level 0.4 Transmutations
 + Level 0.4 Fire Magic
 + Level 0.4 Ice Magic
 + Level 0.4 Air Magic
 + Level 0.4 Earth Magic
 + Level 0.4 Poison Magic
 + Level 0.8 Invocations
 + Level 0.6 Evocations


You had 3 spell levels left.
You didn't know any spells.
Your spell library was empty.

Dungeon Overview and Level Annotations

Branches:
Dungeon (6/15)
 Temple: D:4-7

Altars:


Innate Abilities, Weirdness & Mutations

You have very sharp teeth.
Your uncanny sense of smell can sniff out nearby items.
Your experience applies equally to all skills.


Message History

The hound barely misses you. The hound closely misses you. The hound bites you.
The hound pauses to sniff the ground.
The hound bites you but does no damage.
You hit the hound but do no damage. You punch the hound.
The hound is lightly wounded.
The hound misses you.
You hit the hound. You bite the hound.
The hound is heavily wounded.
The hound bites you.
The gnoll shaman calls upon its god to speed up the gnoll.
The gnoll seems to speed up.
You miss the hound.
The hound is heavily wounded.
The hound bites you.
You miss the hound.
The hound is heavily wounded.
The hound bites you.
The gnoll hits you from afar with a +0 spear.
The hound closely misses you.
The gnoll shouts!
You hit the hound. Your punch misses the hound. You bite the hound.
The hound is severely wounded.
The gnoll hits you from afar with a +0 spear!
The hound bites you.
You barely miss the hound.
The hound is severely wounded.
The hound barely misses you. The gnoll closely misses you. The hound bites you.
* * * LOW HITPOINT WARNING * * *
The hound closely misses you.
You miss the hound. Your bite misses the hound.
The hound is severely wounded.
The hound completely misses you.
You hit the hound.
The hound is severely wounded.
The gnoll barely misses you. The hound closely misses you.
The gnoll barely misses you. The gnoll hits you with a +0 whip!
You die...

###............#..##
#.....##........##
##.....#.###.....#
#...g......#..##.#
#...##.....#...#.#
#gg..#..##.......###
#.##.....#..##.....#
#g##g........#..##.#
#..gh@...........#)#
#######............#
#####......).#
#####....# ######


You could see a hound and 3 gnolls.

Vanquished Creatures
  3 gnolls (D:5)
3 creatures vanquished.

Notes
Turn   | Place    | Note
-------+----------+-------------------------------------------
     0 | D:5      | Reached skill level 9 in Stealth
     0 | D:5      | MisterFreud the Gnoll Delver began the quest for the Orb.
     0 | D:5      | Reached XP level 1. HP: 23/23 MP: 1/1
     1 | D:6      | Noticed an orc wizard
     1 | D:6      | Noticed an orc wizard
    22 | D:5      | Reached XP level 2. HP: 29/29 MP: 2/2
    43 | D:5      | Reached XP level 3. HP: 10/35 MP: 3/3
   313 | D:5      | Slain by a gnoll

Illustrated notes

Levels and vault maps discovered:
D:5:      lemuel_ice_spiral_2, layout_basic, minmay_temple_entry_butterflies,
          hangedman_decor_points, nicolae_zen_rock_garden, uniq_pikel
D:6:      layout_loops_ring, zin_statuary, amethyst_overflow_temple_binary,
          minmay_manual_mail, uniq_blork_the_orc, uniq_crazy_yiuf_cottage,
          uniq_eustachio

Skill      XL: | |
---------------+-+-----
Stealth        | |  9.5
Fighting       | |  6.5
Short Blades   | |  4.5
Long Blades    | |  0.6
Axes           | |  0.6
Maces & Flails | |  0.6
Polearms       | |  0.6
Staves         | |  0.6
Slings         | |  0.6
Bows           | |  0.6
Crossbows      | |  0.6
Throwing       | |  0.6
Armour         | |  0.6
Dodging        | |  4.5
Shields        | |  0.6
Unarmed Combat | |  0.6
Spellcasting   | |  0.6
Conjurations   | |  0.4
Hexes          | |  0.4
Summonings     | |  0.4
Necromancy     | |  0.4
Translocations | |  0.4
Transmutations | |  0.4
Fire Magic     | |  0.4
Ice Magic      | |  0.4
Air Magic      | |  0.4
Earth Magic    | |  0.4
Poison Magic   | |  0.4
Invocations    | |  0.8
Evocations     | |  0.6

Action                   || total
-------------------------++-------
Melee: Short sword       ||    26
       Bite              ||     4
       Punch             ||     1
 Stab: Sleeping          ||     2
Armor: Leather armour    ||     1
Dodge: Dodged            ||    21
